 Dungeon Crawl Stone Soup version 0.28.0 (webtiles) character file.

Game seed: 6637806034698627473

2753 Jerry the Nimble (level 9, -6/71 HPs)
             Began as a Demigod Fighter on Feb 9, 2022.
             Mangled by an ogre (25 damage)
             ... on level 7 of the Dungeon.
             The game lasted 00:14:05 (7161 turns).

Jerry the Nimble (Demigod Fighter)                  Turns: 7161, Time: 00:14:05

Health: -6/71      AC: 13    Str: 29    XL:     9   Next: 18%
Magic:  11/11      EV: 28    Int: 10    God:
Gold:   318        SH:  5    Dex: 13    Spells: 8/8 levels left

rFire   . . .      SeeInvis .   g - +2 flail (vorpal)
rCold   . . .      Faith    .   c - +0 buckler
rNeg    . . .      Spirit   .   b - +0 scale mail
rPois   .          Reflect  .   (no helmet)
rElec   .          Harm     .   o - +2 cloak {rCorr}
rCorr   +          Rampage  .   (no gloves)
Will    .....                   e - +1 pair of boots
Stlth   ..........              p - amulet of the acrobat
HPRegen 0.21/turn               (no ring)
MPRegen 0.12/turn               (no ring)

@: acrobatic, studying Dodging
A: high MP 1, forlorn, divine attributes
a: no special abilities


You were on level 7 of the Dungeon.
You visited 1 branch of the dungeon, and saw 7 of its levels.

You collected 318 gold pieces.

Inventory:

Hand Weapons
 d - a +1 dire flail of protection
 g - a +2 vorpal flail (weapon)
Missiles
 a - a boomerang of dispersal (quivered)
Armour
 b - a +0 scale mail (worn)
 c - a +0 buckler (worn)
 e - a +1 pair of boots (worn)
 o - a +2 cloak of preservation (worn)
Jewellery
 p - an amulet of the acrobat (around neck)
Wands
 l - a wand of polymorph (12)
 v - a wand of charming (6)
Scrolls
 i - 5 scrolls of identify
 k - a scroll of teleportation {unknown}
 m - a scroll of amnesia {unknown}
 n - a scroll of blinking
 r - 2 scrolls of noise
 s - a scroll of silence
 w - a scroll of enchant weapon {unknown}
Potions
 f - 2 potions of magic {unknown}
 h - a potion of lignification
 j - 5 potions of curing
 q - a potion of heal wounds
 t - 2 potions of attraction {unknown}
 u - a potion of mutation


   Skills:
 - Level 4.0 Fighting
 + Level 6.8 Maces & Flails
 + Level 7.1 Armour
 + Level 8.2 Dodging
 - Level 4.1 Shields


You had 8 spell levels left.
You didn't know any spells.
Your spell library contained the following spells:

 Spells                   Type           Power      Damage    Failure   Level
 Freeze                   Ice            0%         1d3       67%         1
 Magic Dart               Conj           0%         1d3       67%         1
 Blink                    Tloc           0%         N/A       82%         2
 Searing Ray              Conj           0%         2d4       82%         2
 Frozen Ramparts          Ice            0%         1d2       96%         3
 Lesser Beckoning         Tloc           0%         N/A       96%         3
 Fulminant Prism          Conj/Hex       0%         3d6       100%        4
 Hailstorm                Conj/Ice       0%         3d3       100%        4
 Manifold Assault         Tloc           0%         N/A       100%        5


Dungeon Overview and Level Annotations

Branches:
Dungeon (7/15)             Temple (0/1) D:5


Innate Abilities, Weirdness & Mutations

You have an increased reservoir of magic. (+10% MP)
You shall have no god before yourself.
Your divine heritage dramatically boosts your attributes as you level up.


Message History

The steam dragon is severely wounded.
The steam dragon bites you but does no damage.
You block the steam dragon's attack.
You hit the steam dragon.
The steam dragon is severely wounded.
You block the steam dragon's attack. The steam dragon claws you.
You hit the steam dragon but do no damage.
The steam dragon is severely wounded.
The steam dragon closely misses you. x2; You block the kobold's attack.
You thump the steam dragon!
You kill the steam dragon!
The steam dragon scales are intact enough to wear.
The kobold hits you with a +0 short sword.
You closely miss the kobold.
The kobold brigand throws a curare-tipped dart.
The curare-tipped dart hits you.
You are poisoned.
You have difficulty breathing.
You feel yourself slow down. You block the kobold's attack.
You sock the kobold!
You kill the kobold!
You feel very sick. The kobold hits you but does no damage.
You block the kobold brigand's attack. The ogre completely misses you.
The kobold misses you.
You closely miss the kobold brigand.
You feel very sick. The kobold brigand misses you.
The kobold barely misses you.
The ogre hits you with a +0 giant club!!
The kobold brigand hits you but does no damage.
You are too injured to fight recklessly!
You feel sick. You block the kobold brigand's attack. The kobold misses you.
You feel sick. The ogre misses you. You block the kobold brigand's attack.
You feel sick. The ogre completely misses you.
You feel sick.
You are no longer poisoned.
The kobold brigand misses you. You block the kobold's attack.
The kobold brigand hits you but does no damage.
You feel yourself speed up.
The ogre hits you with a +0 giant club!!
You die...

###### #....##########
#....##.......#
######....##.......###########
....<†....'......O............
.....#....##....@KK...(....#
####.#....########......[.$####
#.###### #.>......(.... #.#
#....).....### #.# #...)......#
#.# #..........# #.##
#............ #..#
#.........#### ##.#
..........(.


You could see a kobold brigand, an ogre and a kobold.

Vanquished Creatures
  Sigmund (D:5)
  Eustachio (D:5)
  2 steam dragons
  Edmund (D:4)
  A water moccasin (D:5)
  2 ice beasts
  A sky beast (D:5)
  A black bear (D:4)
  2 ogres (D:5)
  A necrophage (D:6)
  A phantom (D:7)
  A kobold brigand (D:7)
  2 bullfrogs
  A wyvern zombie (D:6)
  4 scorpions
  A howler monkey (D:7)
  2 bullfrog zombies
  3 hounds
  3 jellies
  An orc priest (D:2)
  A bullfrog skeleton (D:5)
  3 centaur skeletons
  Crazy Yiuf (D:2)
  2 iguanas
  A hound skeleton (D:5)
  2 howler monkey zombies
  13 adders
  3 white imps
  4 worms
  3 dart slugs
  15 orcs
  4 ball pythons
  6 bats
  9 endoplasms
  2 giant cockroaches
  6 hobgoblins
  6 jackals
  5 quokkas
  2 frilled lizards (D:1)
  9 goblins
  12 kobolds
  6 rats
147 creatures vanquished.

Notes
Turn   | Place    | Note
-------+----------+-------------------------------------------
     0 | D:1      | Jerry the Demigod Fighter began the quest for the Orb.
     0 | D:1      | Reached XP level 1. HP: 18/18 MP: 3/3
   238 | D:1      | Reached XP level 2. HP: 13/25 MP: 4/4
   903 | D:2      | Reached XP level 3. HP: 21/31 MP: 5/5
  1467 | D:2      | Found a runed translucent door.
  1468 | D:2      | Noticed Crazy Yiuf
  1588 | D:2      | Reached XP level 4. HP: 38/38 MP: 6/6
  1996 | D:2      | Killed Crazy Yiuf
  2642 | D:2      | Reached XP level 5. HP: 19/45 MP: 7/7
  3362 | D:4      | Noticed a steam dragon
  3384 | D:4      | Killed a steam dragon
  3385 | D:4      | Reached XP level 6. HP: 11/52 MP: 8/8
  3675 | D:4      | Reached skill level 1 in Dodging
  4166 | D:4      | Reached skill level 2 in Dodging
  4325 | D:5      | Entered Level 5 of the Dungeon
  4367 | D:5      | Reached XP level 7. HP: 51/59 MP: 9/9
  4488 | D:5      | Reached skill level 3 in Dodging
  4632 | D:5      | Reached skill level 5 in Armour
  4744 | D:5      | Noticed Eustachio
  4763 | D:5      | Killed Eustachio
  4764 | D:5      | Reached skill level 4 in Dodging
  4938 | D:5      | Noticed Edmund
  4949 | D:4      | Reached skill level 5 in Maces & Flails
  4949 | D:4      | Reached skill level 5 in Dodging
  5062 | D:4      | Reached XP level 8. HP: 60/66 MP: 10/10
  5102 | D:4      | Killed Edmund
  5384 | D:5      | Noticed Sigmund
  5414 | D:5      | Killed Sigmund
  5415 | D:5      | Reached skill level 6 in Dodging
  5512 | D:5      | Found a staircase to the Ecumenical Temple.
  6150 | D:6      | Reached skill level 7 in Dodging
  6932 | D:7      | Reached XP level 9. HP: 66/71 MP: 11/11
  7133 | D:7      | Reached skill level 8 in Dodging
  7161 | D:7      | Mangled by an ogre

Illustrated notes

Levels and vault maps discovered:
D:1:      minmay_arrival_diagonal_passages, layout_basic,
          ebering_ecumenical_altar_petrified, minmay_ruptured
D:2:      minmay_spotlight, layout_basic, basic_altar, uniq_crazy_yiuf_cottage
D:3:      layout_basic
D:4:      layout_gridville, minmay_manual_mail
D:5:      layout_basic, minmay_temple_entry_tees, uniq_edmund, uniq_eustachio,
          uniq_sigmund
D:6:      layout_loops_ring
D:7:      layout_basic

Skill      XL: |  1  2  3  4  5  6  7  8  9 |
---------------+----------------------------+-----
Maces & Flails | 2 3 4 5 6 |  6.8
Shields        | 3 4 |  4.1
Armour         | 3 4 5 6 7 |  7.1
Fighting       | 3 4 |  4.0
Dodging        | 2 5 7 8 |  8.2

Action                   |  1- 3 |  4- 6 |  7- 9 || total
-------------------------+-------+-------+-------++-------
Melee: Flail             |   126 |   194 |   221 ||   541
  Use: Potion            |       |     1 |       ||     1
       Scroll            |       |    13 |       ||    13
Armor: Scale mail        |    70 |   110 |    92 ||   272
Dodge: Dodged            |    73 |   101 |   130 ||   304
Block: Buckler           |    26 |    44 |    58 ||   128
